 Dungeon Crawl Stone Soup version 0.29.0-4-gdea44cf6ec (webtiles) character file.

Game seed: 11564422768214232257

213 qw the Shield-Bearer (level 5, -3/45 HPs)
             Began as a Minotaur Fighter on Sept 5, 2022.
             Slain by a gnoll
             ... wielding a +0 halberd
              (4 damage)
             ... on level 2 of the Dungeon.
             The game lasted 00:00:31 (1113 turns).

qw the Shield-Bearer (Minotaur Fighter)             Turns: 1113, Time: 00:00:31

Health: -3/45      AC:  9    Str: 22    XL:     5   Next: 59%
Magic:  4/4        EV:  6    Int:  5    God:
Gold:   66         SH: 13    Dex: 10    Spells: 4/4 levels left

rFire   . . .      SeeInvis .   Y - +0 war axe
rCold   . . .      Faith    .   j - +0 tower shield
rNeg    . . .      Spirit   .   b - +0 scale mail
rPois   .          Reflect  .   (helmet restricted)
rElec   .          Harm     .   f - +0 cloak
rCorr   .          Rampage  .   (no gloves)
Will    .....                   h - +0 pair of boots
Stlth   ..........              (no amulet)
HPRegen 0.15/turn               (no ring)
MPRegen 0.09/turn               (no ring)

@: about to teleport
A: horns 2, retaliatory headbutt
a: no special abilities


You were on level 2 of the Dungeon.
You visited 1 branch of the dungeon, and saw 2 of its levels.

You collected 66 gold pieces.


Innate Abilities, Weirdness & Mutations

You have a pair of horns on your head.
You reflexively headbutt those who attack you in melee.


   Skills:
 - Level 3.6 Fighting
 + Level 4.1 Axes
 - Level 3.6 Armour
 - Level 6.9 Shields


You had 4 spell levels left.
You didn't know any spells.
Your spell library was empty.

Inventory:

Hand Weapons
 o - a +0 club
 Y - a +0 war axe (weapon)
Armour
 b - a +0 scale mail (worn)
 f - a +0 cloak (worn)
 h - a +0 pair of boots (worn)
 j - a +0 tower shield (worn)
Potions
 d - 2 potions of might
 e - a potion of flight {unknown}
 i - a potion of heal wounds {unknown}
 k - a potion of invisibility {unknown}
 m - a potion of ambrosia {unknown}

Dungeon Overview and Level Annotations

Branches:
Dungeon (2/15)

Altars:
Elyvilon


Message History

The gnoll hits you from afar with a +0 halberd.
You block the gnoll's attack.
You hit the gnoll. Your headbutt misses the gnoll.
The gnoll is moderately wounded.
The gnoll barely misses you.
The gnoll hits you from afar with a +0 halberd.
You hit the gnoll.
The gnoll is heavily wounded.
You barely miss the adder. You block the adder's attack.
You block the gnoll's attack. The gnoll barely misses you.
The gnoll closely misses you. The adder closely misses you.
You furiously retaliate!
You headbutt the adder.
The gnoll hits you from afar with a +0 spear.
You block the gnoll's attack. The gnoll hits you but does no damage.
You completely miss the gnoll.
The gnoll is heavily wounded.
You hit the adder.
You kill the adder!
The gnoll hits you but does no damage.
The gnoll hits you from afar with a +0 halberd!
You block the gnoll's attack. The gnoll closely misses you.
The gnoll hits you from afar with a +0 halberd.
You block the gnoll's attack.
Your Axes skill increases to level 4!
You completely miss the gnoll. Your headbutt misses the gnoll.
The gnoll is heavily wounded.
The gnoll hits you but does no damage. You block the gnoll's attack. x2
You hit the gnoll but do no damage. You headbutt the gnoll.
The gnoll is almost dead.
The gnoll hits you from afar with a +0 spear.
The gnoll hits you from afar with a +0 halberd.
The gnoll closely misses you. You furiously retaliate!
You headbutt the gnoll.
You kill the gnoll!
You block the gnoll's attack. The gnoll hits you but does no damage.
1113 ||| READING scroll of teleportation.
As you read the scroll of teleportation, it crumbles to dust.
You feel strangely unstable.
The gnoll hits you from afar with a +0 spear.
The gnoll hits you from afar with a +0 halberd.
You die...

.. #.#####
...#.....#
..#.....# ..
.......+
..#####(....# ##
............# ..
#.........)#.###.#
#.........@.g.....
+........#!.g.....
#......%.#...$....
###....#.#........
#.##.#.#........
#.##%#.#........
#.##.#.#.....)..
#....#.#....)...
####.###..###.#


You could see 2 gnolls.

Vanquished Creatures
  Sigmund (D:2)
  2 gnolls (D:2)
  An adder (D:2)
  2 worms (D:2)
  2 endoplasms (D:1)
  2 goblins
  6 hobgoblins
  4 ball pythons
  2 bats
  2 rats
24 creatures vanquished.

Notes
Turn   | Place    | Note
-------+----------+-------------------------------------------
     0 | D:1      | qw the Minotaur Fighter began the quest for the Orb.
     0 | D:1      | Reached XP level 1. HP: 19/19 MP: 0/0
     0 | D:1      | 0 ||| qw: Version: 0.1-a-104-g96f76f8
     0 | D:1      | 0 ||| qw: Game counter: 5820
     0 | D:1      | 0 ||| qw: Always use a shield: true
     0 | D:1      | 0 ||| qw: God list: Ru
     0 | D:1      | 0 ||| qw: Allow faded altars: false
     0 | D:1      | 0 ||| qw: Do Orc after D:15 true
     0 | D:1      | 0 ||| qw: Do second Lair branch before Depths: true
     0 | D:1      | 0 ||| qw: Lair rune preference: random
     0 | D:1      | 0 ||| qw: Plans: Normal
     0 | D:1      | 0 ||| PLANNING D:1-11
   246 | D:1      | Found a faded altar of an unknown god.
   338 | D:1      | Reached skill level 3 in Axes
   603 | D:1      | 603 ||| UPGRADING to +0 cloak.
   608 | D:1      | 608 ||| UPGRADING to +0 pair of boots.
   613 | D:1      | 613 ||| UPGRADING to +0 tower shield.
   623 | D:1      | 623 ||| DROPPING +0 buckler.
   624 | D:1      | 624 ||| READING scroll labelled NUSUUGIULA.
   625 | D:1      | 625 ||| READING scroll labelled GUICID LEEHIN.
   626 | D:1      | 626 ||| READING 2 scrolls labelled OQAIMMU QUMU.
   631 | D:1      | 631 ||| DRINKING 2 red potions.
   632 | D:1      | 632 ||| DROPPING potion of attraction.
   690 | D:2      | Reached XP level 2. HP: 24/26 MP: 1/1
   722 | D:2      | Reached skill level 4 in Shields
   727 | D:2      | Noticed Sigmund
   728 | D:2      | 728 ||| FLEEEEING.
   729 | D:2      | 729 ||| FLEEEEING.
   730 | D:2      | 730 ||| FLEEEEING.
   731 | D:2      | 731 ||| FLEEEEING.
   732 | D:2      | 732 ||| FLEEEEING.
   733 | D:2      | 733 ||| FLEEEEING.
   734 | D:2      | 734 ||| FLEEEEING.
   741 | D:2      | 741 ||| FLEEEEING.
   742 | D:2      | 742 ||| STAIRDANCE
   799 | D:2      | Killed Sigmund
   800 | D:2      | Reached skill level 6 in Shields
   800 | D:2      | Reached XP level 3. HP: 23/31 MP: 2/2
   800 | D:2      | Reached XP level 4. HP: 29/39 MP: 3/3
   800 | D:2      | Reached XP level 5. HP: 34/45 MP: 4/4
   897 | D:2      | Found a white marble altar of Elyvilon.
  1096 | D:2      | 1096 ||| Stepping ~*~*~tactically~*~*~ (hiding).
  1112 | D:2      | HP: 11/45 [gnoll/+0 spear (1)]
  1113 | D:2      | 1113 ||| READING scroll of teleportation.
  1113 | D:2      | HP: 1/45 [gnoll/+0 spear (5)]
  1113 | D:2      | Slain by a gnoll

Levels and vault maps discovered:
D:1:      sevenhm_arrival_forest_fort_small_3, layout_basic,
          basic_ecumenical_altar
D:2:      layout_basic, basic_altar, uniq_sigmund

Skill      XL: |  1  2  3  4  5 |
---------------+----------------+-----
Axes           | 3 4 |  4.1
Shields        | 6 |  6.9
Fighting       | |  3.6
Armour         | |  3.6

Action                   |  1- 3 |  4- 6 || total
-------------------------+-------+-------++-------
Melee: War axe           |    41 |    26 ||    67
       Headbutt          |     3 |     2 ||     5
  Use: Scroll            |     3 |     1 ||     4
       Potion            |     1 |       ||     1
Armor: Scale mail        |    17 |     9 ||    26
Dodge: Dodged            |    15 |    12 ||    27
Block: Tower shield      |    13 |    22 ||    35
       Buckler           |     2 |       ||     2

Table legend:
 A = Non-vault XP
 B = Vault XP
 C = Vault XP percentage of total XP
 D = Non-vault monster count
 E = Vault monster count
 F = Vault count percentage of total count
                 A         B        C        D         E       F
            +---------+---------+-------+---------+---------+-------
      Total |      82 |     223 |  73.1 |      23 |       1 |   4.2
            +---------+---------+-------+---------+---------+-------
        D:1 |      11 |       0 |   0.0 |       7 |       0 |   0.0
        D:2 |      71 |     223 |  75.9 |      16 |       1 |   5.9
            +---------+---------+-------+---------+---------+-------
